 Dungeon Crawl Stone Soup version 0.22.1-1-ga44c0e56f4 (webtiles) character file.

3453 Riddle the Nimble (level 10, -2/72 HPs)
             Began as a Gnoll Monk on Sept 28, 2018.
             Was a High Priest of Ru.
             Slain by a warg (10 damage)
             ... on level 8 of the Dungeon.
             The game lasted 00:23:45 (10232 turns).

Riddle the Nimble (Gnoll Monk)                     Turns: 10232, Time: 00:23:45

Health: -2/72      AC: 17    Str: 22    XL:     10   Next: 6%
Magic:  17/17      EV: 11    Int: 13    God:    Ru [*****.]
Gold:   449        SH:  0    Dex: 18    Spells: 18/18 levels left

rFire    + . .     SeeInvis .   e - +0 war axe (venom)
rCold    + . .     Gourm    .   (no shield)
rNeg     + + +     Faith    .   a - +0 plate armour
rPois    .         Spirit   .   (no helmet)
rElec    +         Reflect  .   q - scarf {rC+ rF+}
rCorr    .         Harm     .   x - +2 pair of gloves "Ytucusitt" {*Corrode rElec rN+++ Str+2}
MR       .....                  t - +1 pair of boots
Stlth    ..........             (no amulet)
HPRegen  0.22/turn              v - ring of stealth
MPRegen  0.15/turn              C - +4 ring of strength

@: no status effects
A: distributed training, fangs 1, frail 1, inability to use devices, no hexes
magic, no poison magic, no summoning magic, strong nose
a: Draw Out Power, Power Leap, Apocalypse, Renounce Religion


You were on level 8 of the Dungeon.
You worshipped Ru.
Ru was extremely pleased with you.
You were not hungry.

You visited 1 branch of the dungeon, and saw 9 of its levels.
You also visited: Sewer.

You collected 449 gold pieces.

Inventory:

Hand Weapons
 e - a +0 war axe of venom (weapon)
 y - a +1 battleaxe
Armour
 a - a +0 plate armour (worn)
 q - a scarf of resistance (worn)
 t - a +1 pair of boots (worn)
 x - the +2 pair of gloves "Ytucusitt" (worn) {*Corrode rElec rN+++ Str+2}
   (You found it in a sewer)

   It affects your strength (+2).
   It insulates you from electricity.
   It renders you almost immune to negative energy.
   It may corrode you when you take damage.
Jewellery
 v - a ring of stealth (left hand)
 A - an uncursed ring of magical power
 C - a +4 ring of strength (right hand)
Scrolls
 b - 5 scrolls of identify
 d - 2 scrolls of enchant weapon
 h - 5 scrolls of fear
 j - 3 scrolls of remove curse
 l - a scroll of teleportation
 m - a scroll of enchant armour
 n - a scroll of fog
 o - 2 scrolls of blinking
 u - a scroll of noise {unknown}
 D - a scroll of summoning {unknown}
Potions
 f - 2 potions of cancellation {unknown}
 g - 5 potions of curing
 i - a potion of mutation {unknown}
 k - 7 potions of flight
 p - a potion of might
 r - 2 potions of degeneration {unknown}
 s - 2 potions of magic {unknown}
 w - 3 potions of berserk rage
 B - 3 potions of agility {unknown}
Comestibles
 c - 12 rations
 z - 10 chunks of flesh


   Skills:
 + Level 8.2 Fighting
 + Level 4.8 Short Blades
 + Level 4.8 Long Blades
 + Level 8.2 Axes
 + Level 4.8 Maces & Flails
 + Level 4.8 Polearms
 + Level 4.8 Staves
 + Level 4.8 Slings
 + Level 4.8 Bows
 + Level 4.8 Crossbows
 + Level 4.8 Throwing
 + Level 4.8 Armour
 + Level 8.2 Dodging
 + Level 6.4 Stealth
 + Level 4.8 Shields
 + Level 4.8 Unarmed Combat
 + Level 4.8 Spellcasting
 + Level 4.0 Conjurations
   Level 0.0 Hexes
 + Level 4.0 Charms
   Level 0.0 Summonings
 + Level 4.0 Necromancy
 + Level 4.0 Translocations
 + Level 4.0 Transmutations
 + Level 4.0 Fire Magic
 + Level 4.0 Ice Magic
 + Level 4.0 Air Magic
 + Level 4.0 Earth Magic
   Level 0.0 Poison Magic
 + Level 5.3 Invocations
   Level 0.0 Evocations


You had 18 spell levels left.
You didn't know any spells.
Your spell library contained the following spells:

 Spells                   Type           Power        Failure   Level  Hunger
 Animate Skeleton         Necr           N/A          58%         1    None
 Apportation              Tloc           ##....       58%         1    None
 Gell's Gravitas          Tloc           ##........   91%         3    ###....
 Petrify                  Tmut/Erth      ##......     100%        4    ####...
 Confusing Touch          Hex            Unusable     N/A         1    N/A
 Summon Small Mammal      Summ           Unusable     N/A         1    N/A
 Confuse                  Hex            Unusable     N/A         3    N/A
 Metabolic Englaciation   Hex/Ice        Unusable     N/A         5    N/A
 Yara's Violent Unravell  Hex/Tmut       Unusable     N/A         5    N/A

Dungeon Overview and Level Annotations

Branches:
Dungeon (9/15)
 Temple: D:4-7         Lair: D:8-11         Orc: D:9-12

Altars:
Dithmenos
Elyvilon
Hepliaklqana
Qazlal
Ru
Trog
Wu Jian
Yredelemnul


Innate Abilities, Weirdness & Mutations

Your experience applies equally to all skills.
You have very sharp teeth.
You are frail. (-10% HP)
You cannot study or use magical devices.
You cannot study or cast Hexes magic.
You cannot study or cast Poison magic.
You cannot study or cast Summoning magic.
Your uncanny sense of smell can sniff out nearby items.


Message History

The warg bites you but does no damage. The warg barely misses you.
You slash the warg!
The warg is heavily wounded.
The warg bites you!
* * * LOW HITPOINT WARNING * * *
You slash the warg!
The warg is severely wounded.
The warg barely misses you.
You closely miss the warg.
The warg is severely wounded.
The warg closely misses you. The warg bites you.
* * * LOW HITPOINT WARNING * * *
You hit the warg but do no damage.
The warg is poisoned.
Your bite misses the warg.
The warg is severely wounded.
The warg bites you but does no damage. x2
You closely miss the warg.
The warg is severely wounded.
The warg bites you!
You die...

#.##.....# #..#.#.#.#
#.##.....# #..#...#.#
#.##..#..# #..##..#.#
#.##.....# #......#.#
#.##.....# ##.......#
#.####.### ####.####
..# #.# #>†# #.#
##.###### #h##
#.###.......# #@#
#......####.####.#
#.#..............#
#.#.#.##..#.##########
......##..#.#
#......############
............#
#.#.......##.......
###.#..##.#.#
#.#.##.##.##.##/##. #
#.#...#.#.#
#.#....##.##.##.##. #
#.........#
#.#[.#..........##.


You could see a warg.

Vanquished Creatures
  2 hungry ghosts
  Eustachio (D:6)
  A warg (D:8)
  Edmund (D:3)
  2 ice beasts
  3 orc warriors
  2 sky beasts
  A hornet zombie (D:9)
  A phantom (D:8)
  2 ogres
  5 centaurs
  A gnoll sergeant (D:6)
  4 bullfrogs
  A water moccasin zombie (D:7)
  4 scorpions
  A howler monkey (D:8)
  A crimson imp (D:7)
  A bullfrog zombie (D:8)
  4 orc priests
  2 bullfrog skeletons
  A hound (D:5)
  A jelly (D:8)
  2 iguanas (D:6)
  3 worker ants
  3 orc wizards
  A hound skeleton (D:6)
  6 adders
  10 gnolls
  A river rat (D:6)
  6 oozes
  8 worms
  3 dart slugs
  10 leopard geckos
  35 orcs
  6 ball pythons
  14 bats
  3 giant cockroaches
  4 goblins
  4 hobgoblins
  6 jackals
  A quokka (D:5)
  4 frilled lizards
  A jackal zombie (D:6)
  4 kobolds
  2 leopard gecko skeletons
  A quokka zombie (D:7)
  4 rats
184 creatures vanquished.

Vanquished Creatures (others)
  An orc priest (D:9)
1 creature vanquished.

Grand Total: 185 creatures vanquished

Notes
Turn   | Place    | Note
-------+----------+-------------------------------------------
     0 | D:1      | Riddle the Gnoll Monk began the quest for the Orb.
     0 | D:1      | Reached XP level 1. HP: 23/23 MP: 1/1
    28 | D:1      | Reached XP level 2. HP: 10/29 MP: 2/2
   753 | D:2      | Reached XP level 3. HP: 35/35 MP: 3/3
  1052 | D:2      | Found a white marble altar of Elyvilon.
  1436 | D:3      | Reached skill level 1 in Invocations
  1751 | D:3      | Found a basalt altar of Yredelemnul.
  1759 | D:3      | Found a hazy altar of Hepliaklqana.
  1859 | D:2      | Reached skill level 1 in Short Blades
  1859 | D:2      | Reached skill level 1 in Long Blades
  1859 | D:2      | Reached skill level 1 in Maces & Flails
  1859 | D:2      | Reached skill level 1 in Polearms
  1859 | D:2      | Reached skill level 1 in Staves
  1859 | D:2      | Reached skill level 1 in Slings
  1859 | D:2      | Reached skill level 1 in Bows
  1859 | D:2      | Reached skill level 1 in Crossbows
  1859 | D:2      | Reached skill level 1 in Throwing
  1859 | D:2      | Reached skill level 1 in Armour
  1859 | D:2      | Reached skill level 1 in Shields
  1859 | D:2      | Reached skill level 1 in Unarmed Combat
  1859 | D:2      | Reached skill level 1 in Spellcasting
  1859 | D:2      | Reached skill level 1 in Evocations
  1859 | D:2      | Reached XP level 4. HP: 38/41 MP: 5/5
  1982 | D:3      | Reached skill level 1 in Conjurations
  1982 | D:3      | Reached skill level 1 in Hexes
  1982 | D:3      | Reached skill level 1 in Charms
  1982 | D:3      | Reached skill level 1 in Summonings
  1982 | D:3      | Reached skill level 1 in Necromancy
  1982 | D:3      | Reached skill level 1 in Translocations
  1982 | D:3      | Reached skill level 1 in Transmutations
  1982 | D:3      | Reached skill level 1 in Fire Magic
  1982 | D:3      | Reached skill level 1 in Ice Magic
  1982 | D:3      | Reached skill level 1 in Air Magic
  1982 | D:3      | Reached skill level 1 in Earth Magic
  1982 | D:3      | Reached skill level 1 in Poison Magic
  2253 | D:3      | Reached XP level 5. HP: 38/47 MP: 6/6
  2553 | D:3      | Found a bloodstained altar of Trog.
  2776 | D:4      | Noticed Edmund
  2805 | D:4      | HP: 2/47 [Edmund/flail of protection (10)]
  3186 | D:3      | Killed Edmund
  3186 | D:3      | Reached XP level 6. HP: 27/53 MP: 8/8
  3720 | D:4      | Found a sacrificial altar of Ru.
  3730 | D:4      | Became a worshipper of Ru the Awakened
  3737 | D:4      | Gained mutation: You cannot study or use magical devices.
                  | [Ru sacrifice]
  3737 | D:4      | Reached * piety under Ru
  3737 | D:4      | Reached ** piety under Ru
  4319 | D:5      | Entered Level 5 of the Dungeon
  4320 | D:5      | Noticed an ice beast
  4356 | D:5      | Killed an ice beast
  4356 | D:5      | Reached XP level 7. HP: 16/59 MP: 10/10
  5724 | D:5      | Reached skill level 5 in Stealth
  5908 | D:6      | Found a glowing drain.
  5918 | Sewer    | Entered a sewer
  6408 | Sewer    | Got a pair of faintly glowing gloves
  6417 | Sewer    | Identified the +2 pair of gloves "Ytucusitt" {*Corrode
                  | rElec rN+++ Str+2} (You found it in a sewer)
  6584 | D:6      | Reached XP level 8. HP: 45/67 MP: 12/12
  6592 | D:6      | Noticed Eustachio
  6953 | D:6      | Killed Eustachio
  8113 | D:6      | Reached XP level 9. HP: 72/72 MP: 14/14
  8134 | D:6      | Gained mutation: You are frail. (-10% HP) [Ru sacrifice]
  8134 | D:6      | Reached *** piety under Ru
  8134 | D:6      | Reached **** piety under Ru
  9081 | D:7      | Found a stormy altar of Qazlal.
  9677 | D:8      | Found an ornate altar of the Wu Jian Council.
  9677 | D:8      | Found a shadowy altar of Dithmenos.
  9773 | D:8      | Reached skill level 5 in Invocations
 10075 | D:9      | Gained mutation: You cannot study or cast Poison magic. [Ru
                  | sacrifice]
 10075 | D:9      | Gained mutation: You cannot study or cast Hexes magic. [Ru
                  | sacrifice]
 10075 | D:9      | Gained mutation: You cannot study or cast Summoning magic.
                  | [Ru sacrifice]
 10075 | D:9      | Reached ***** piety under Ru
 10169 | D:9      | Reached XP level 10. HP: 63/72 MP: 15/17
 10217 | D:9      | Noticed a two-headed ogre
 10232 | D:8      | Slain by a warg

Skill      XL: |  1  2  3  4  5  6  7  8  9 10 |
---------------+-------------------------------+-----
Invocations    | 1 2 3 4 5 |  5.3
Short Blades   | 1 2 3 4 |  4.8
Long Blades    | 1 2 3 4 |  4.8
Maces & Flails | 1 2 3 4 |  4.8
Polearms       | 1 2 3 4 |  4.8
Staves         | 1 2 3 4 |  4.8
Slings         | 1 2 3 4 |  4.8
Bows           | 1 2 3 4 |  4.8
Crossbows      | 1 2 3 4 |  4.8
Throwing       | 1 2 3 4 |  4.8
Armour         | 1 2 3 4 |  4.8
Shields        | 1 2 3 4 |  4.8
Unarmed Combat | 1 2 3 4 |  4.8
Spellcasting   | 1 2 3 4 |  4.8
Evocations     | 1 0 |  0.0
Conjurations   | 1 2 3 4 |  4.0
Hexes          | 1 2 3 0 |  0.0
Charms         | 1 2 3 4 |  4.0
Summonings     | 1 2 3 0 |  0.0
Necromancy     | 1 2 3 4 |  4.0
Translocations | 1 2 3 4 |  4.0
Transmutations | 1 2 3 4 |  4.0
Fire Magic     | 1 2 3 4 |  4.0
Ice Magic      | 1 2 3 4 |  4.0
Air Magic      | 1 2 3 4 |  4.0
Earth Magic    | 1 2 3 4 |  4.0
Poison Magic   | 1 2 3 0 |  0.0
Fighting       | 7 8 |  8.2
Axes           | 7 8 |  8.2
Dodging        | 7 8 |  8.2
Stealth        | 5 6 |  6.4

Action                   |  1- 3 |  4- 6 |  7- 9 | 10-12 || total
-------------------------+-------+-------+-------+-------++-------
Melee: Hand axe          |   153 |   280 |    97 |       ||   530
       Bite              |    16 |    40 |    63 |     4 ||   123
       Punch             |       |     3 |     4 |       ||     7
       Battleaxe         |       |       |   137 |       ||   137
       War axe           |       |       |   240 |    20 ||   260
Invok: Sacrifice Artific |       |     1 |       |       ||     1
       Sacrifice Health  |       |       |     1 |       ||     1
       Sacrifice Arcana  |       |       |     1 |       ||     1
  Use: Potion            |       |     1 |     1 |       ||     2
       Scroll            |       |       |    12 |       ||    12
 Stab: Distracted        |       |     1 |       |       ||     1
       Invisible         |       |       |     2 |       ||     2
  Eat: Chunk             |     3 |     8 |    13 |       ||    24
       Ration            |       |       |     5 |       ||     5
Armor: Robe              |     2 |       |       |       ||     2
       Chain mail        |    61 |    87 |   173 |       ||   321
       Plate armour      |       |       |   128 |    14 ||   142
Dodge: Dodged            |    83 |   110 |   337 |    13 ||   543
